cohdb
Replays
Latest Replays
All Replays
Popular Replays
Top Player Replays
Match Explorer
How It Works
Community
CoH3 Stats
Reddit
Sign in to upload your games and track your stats! →
Sign in with Steam
Match 41454752
Unlisted
Match 41454752
Overview
Messages
Build Orders
End
Construct Weapon Support Center
Engineer Squad
Selects Special Operations Battlegroup
Bazooka Squad
M1919 Machine Gun Team
M1919 Machine Gun Team
Improved M9 Bazooka Rockets
Mortar Pit
Selects M29 Weasel with M1 Pack Howitzer
Selects Smoke Screen
.30 cal Machine Gun
.30 cal Machine Gun
Bazooka Squad
Mortar Pit
Selects SSF Commando Squad
SSF Commando Squad
SSF Commando Squad
Ossus
Himanshu
AbductedPug
StormblasT
Fornost
Big Steppa#Stomped
Mr_NoteAr
User1diego
0
0
Comments
sign in to comment!
No comments posted yet!